Map: Romanticide LE

Players

JusticeSimon - Winner!

  • Race: Protoss Protoss
  • Spawn Location: 11:00

MeomaikaFan (Peppy)

  • Race: Zerg Zerg
  • League: Grandmaster
  • Spawn Location: 5:00

Event: DreamHack SC2 Masters 2020 Winter

VOD

Have the link to the VOD?

Description

Time

  • Played on: Oct. 9, 2020, 9:47 p.m.
  • Length: 6:52

All games in this series

Show
View Real Time Build Order
Export as new Build Order

JusticeSimon Protoss - Winner!

Build Orders:  

Get SALT Encoding   

  12  0:00  Probe  
  13  0:12  Probe  
  14  0:20  Pylon  
  14  0:25  Probe  
  15  0:38  Probe (Chrono Boost)  
  15  0:39  Gateway  
  16  0:48  Assimilator  
  16  0:49  Probe (Chrono Boost)  
  17  0:53  Probe (Chrono Boost)  
  18  1:04  Probe  
  18  1:10  Pylon  
  19  1:16  Probe  
  20  1:20  Gateway  
  20  1:28  Cybernetics Core  
  20  1:31  Zealot (Chrono Boost)  
  22  1:36  Assimilator  
  22  1:45  Probe  
  23  1:55  Zealot (Chrono Boost)  
  23  1:57  Probe  
  26  2:07  Shield Battery  
  26  2:09  Stalker (Chrono Boost)  
  30  2:23  Stalker (Chrono Boost)  
  30  2:24  Pylon  
  30  2:40  Stalker (Chrono Boost)  
  32  2:47  Stalker  
  32  2:49  Probe  
  35  3:02  Probe  
  36  3:08  Stalker  
  38  3:31  Warp Gate (Chrono Boost)  
  36  3:35  Stalker  
  36  3:39  Robotics Facility  
  36  3:54  Shield Battery  
  34  4:06  Nexus  
  30  4:15  Probe  
  31  4:20  Gateway  
  31  4:27  Probe  
  30  4:41  Stalker x2  
  30  4:45  Shield Battery  
  32  4:46  Shield Battery  
  32  4:54  Immortal (Chrono Boost)  
  34  5:15  Probe  
  35  5:21  Sentry  
  35  5:22  Stalker x2  
  41  5:47  Sentry  
  41  5:48  Sentry x2  
  49  5:50  Probe (Chrono Boost)  
  49  5:54  Probe (Chrono Boost)  
  49  5:59  Probe (Chrono Boost)  
  49  6:03  Probe (Chrono Boost)  
  49  6:04  Warp Prism, Probe (Chrono Boost)  
  52  6:13  Probe  
  52  6:16  Probe  
  52  6:18  Stalker  
  54  6:23  Pylon  
  54  6:25  Pylon  
Show
View Real Time Build Order
Export as new Build Order

MeomaikaFan Zerg 

Build Orders: Pool First 

Get SALT Encoding   

  12  0:00  Drone  
  13  0:12  Overlord  
  13  0:16  Drone  
  14  0:31  Drone x2  
  14  0:35  Drone  
  17  0:47  Spawning Pool  
  17  0:48  Drone  
  17  0:57  Extractor  
  17  0:58  Drone  
  17  1:14  Hatchery  
  17  1:17  Drone  
  17  1:35  Zergling x4  
  17  1:38  Zergling x2  
  20  1:49  Overlord  
  20  1:58  Metabolic Boost  
  20  2:00  Zergling x2  
  21  2:14  Zergling x2  
  22  2:23  Zergling x2  
  22  2:27  Queen  
  22  2:28  Zergling x2  
  26  2:39  Zergling x2  
  25  2:44  Zergling x2  
  25  2:45  Zergling x2  
  27  2:54  Zergling x2  
  27  2:56  Spine Crawler  
  29  2:58  Spine Crawler  
  27  3:06  Zergling x2  
  27  3:11  Spine Crawler  
  25  3:12  Zergling x2  
  25  3:14  Zergling x2  
  25  3:16  Zergling x2  
  23  3:27  Zergling x2  
  23  3:34  Zergling x2  
  21  3:36  Zergling x2  
  21  3:37  Zergling x2  
  21  3:40  Queen  
  23  3:50  Zergling x2  
  23  3:51  Zergling x2  
  21  3:58  Zergling x2  
  21  3:59  Zergling x2  
  22  4:07  Zergling x2  
  23  4:10  Zergling x2  
  23  4:16  Queen  
  24  4:19  Zergling x2  
  24  4:23  Zergling x2  
  26  4:29  Zergling x2  
  26  4:31  Zergling x2  
  25  4:40  Zergling x2  
  24  4:46  Zergling x2  
  24  4:52  Zergling x4  
  24  5:03  Zergling x4  
  25  5:13  Zergling x4  
  27  5:21  Spine Crawler  
  27  5:22  Spine Crawler  
  27  5:23  Spine Crawler  
  27  5:24  Zergling x2  
  27  5:27  Zergling x2  
  26  5:35  Zergling x2  
  27  5:38  Zergling x2  
  28  5:49  Zergling x2  
  28  5:56  Spine Crawler  
  26  5:57  Zergling x2  
  24  6:05  Zergling x2  
  25  6:11  Zergling x2  
  25  6:18  Zergling x2  
  25  6:28  Zergling x2  
Tags
 
Add a new tag
Caveats
  • Supply blocks, unpowered buildings, or Contaminate may cause inaccurate times.
  • Supply counts are checked every 10 seconds.